 Dungeon Crawl Stone Soup version 0.29.1-13-g9f3cf754e1 (webtiles) character file.

Game seed: 4683773055636291808

161 wrenrar the Grave Robber (level 5, -1/35 HPs)
             Began as a Demonspawn Necromancer on Jan 29, 2023.
             Was an Initiate of Dithmenos.
             Slain by a gnoll
             ... wielding a +0 whip
              (6 damage)
             ... on level 4 of the Dungeon.
             The game lasted 00:11:11 (3554 turns).

wrenrar the Grave Robber (Demonspawn Necromancer)   Turns: 3554, Time: 00:11:11

Health: -1/35      AC:  3    Str:  8    XL:     5   Next: 19%
Magic:  2/8        EV: 12    Int: 18    God:    Dithmenos [......]
Gold:   130        SH:  5    Dex: 14    Spells: 5/9 levels left

rFire   . . .      SeeInvis .   h - +0 dagger
rCold   . . .      Faith    .   (no shield)
rNeg    . . .      Spirit   .   a - +1 robe
rPois   .          Reflect  +   (no helmet)
rElec   .          Harm     .   (no cloak)
rCorr   .          Rampage  .   (no gloves)
Will    .....                   (no boots)
Stlth   ++........              f - amulet of reflection
HPRegen 0.11/turn               (no ring)
MPRegen 0.11/turn               (no ring)

@: no status effects
A: hooves 1, demonic guardian 1, powered by pain 2
a: Renounce Religion


You were on level 4 of the Dungeon.
You worshipped Dithmenos.
Dithmenos was noncommittal.
You visited 2 branches of the dungeon, and saw 5 of its levels.

You collected 130 gold pieces.

Inventory:

Hand Weapons
 h - a +0 dagger (weapon)
Armour
 a - a +1 robe (worn)
 i - a +0 helmet
Jewellery
 f - an amulet of reflection (around neck)
Scrolls
 d - a scroll of teleportation
 e - 2 scrolls of poison {unknown}
 j - 4 scrolls of identify
 l - a scroll of enchant armour
 m - a scroll of blinking {unknown}
 o - a scroll of magic mapping {unknown}
Potions
 b - 2 potions of magic
 c - a potion of lignification
 g - a potion of heal wounds
 k - a potion of mutation {unknown}
 n - a potion of curing {unknown}


   Skills:
 + Level 1.4 Short Blades
 + Level 2.3 Dodging
 + Level 2.4 Stealth
 + Level 2.5 Spellcasting
 + Level 5.9 Necromancy


You had 5 spell levels left.
You knew the following spells:

 Your Spells              Type           Power      Damage    Failure   Level
a - Necrotise             Necr           92%        1d8       1%          1
b - Vampiric Draining     Necr           23%        2d7       4%          3

Your spell library contained the following spells:

 Spells                   Type           Power      Damage    Failure   Level
 Animate Dead             Necr           23%        N/A       16%         4
 Summon Small Mammal      Summ           8%         N/A       17%         1
 Ensorcelled Hibernation  Hex/Ice        4%         N/A       26%         2
 Passwall                 Tmut/Erth      1%         N/A       26%         2
 Agony                    Necr           23%        N/A       38%         5
 Call Canine Familiar     Summ           2%         N/A       45%         3
 Summon Guardian Golem    Hex/Summ       2%         N/A       45%         3
 Swiftness                Air            2%         N/A       45%         3


Dungeon Overview and Level Annotations

Branches:
Dungeon (4/15)             Temple (1/1) D:4

Altars:
Ashenzari
Dithmenos
Fedhas
Hepliaklqana
Nemelex Xobeh
Okawaru
Ru
Trog
Vehumet
Wu Jian
Xom
Yredelemnul

Shops:
D:2 :


Innate Abilities, Weirdness & Mutations

You have large cloven feet.
A weak demonic guardian rushes to your aid.
You sometimes gain power by taking damage.


Message History

The orc priest shouts!
The gnoll closely misses you. You block the gnoll's attack.
You block the orc's attack. The orc barely misses you.
You hit the gnoll but do no damage.
The gnoll is heavily wounded.
The gnoll misses you. The orc barely misses you. You block the gnoll's attack.
The orc closely misses you.
You barely miss the gnoll. You kick the gnoll.
The gnoll is severely wounded.
You block the gnoll's attack. The orc hits you with a +0 hand axe.
A demonic guardian appears!
The gnoll hits you with a +0 spear.
The orc priest begins to cast a cantrip, but forgets the words!
The orc barely misses you. The goblin hits you with a +0 club.
You hit the gnoll but do no damage.
The gnoll is severely wounded.
Your ufetubus closely misses the orc.
Your ufetubus hits the orc. The gnoll hits you but does no damage.
The gnoll hits you with a +0 spear! You block the orc's attack.
The orc hits your ufetubus with a +0 hand axe.
You block the orc's attack. The goblin closely misses you.
You hit the gnoll.
The gnoll is almost dead.
Your ufetubus hits the orc. x2; The orc closely misses you.
The orc barely misses your ufetubus. The gnoll hits you with a +0 spear.
* * * LOW HITPOINT WARNING * * *
The orc barely misses you. The gnoll hits you with a +0 whip.
* * * LOW HITPOINT WARNING * * *
The goblin barely misses you.
You hit the gnoll.
You kill the gnoll!
Dithmenos accepts your kill.
Your ufetubus hits the orc. x2
The orc dies!
Dithmenos accepts your kill.
Your ufetubus hits the orc priest but does no damage.
Your ufetubus closely misses the orc priest.
The goblin hits you with a +0 club.
* * * LOW HITPOINT WARNING * * *
The orc barely misses you. The gnoll hits you with a +0 whip.
You die...

....... #.#
.......#...####<#######
.......>.#..........#.).##
...........###.....#..#..#
#..............##.....#...
...........#### ##...###..
#...(....)5## ##....†....
##.....ogo))# #...#.....#
........#@#.## #.###..>..#
. #.g)#..###...#.....#
###.##..............
#............###..
#..####.......#... ##.#
##.#....#..# #.#
#..#.#...## #.# ##...#...#
#.# ##.....##


You could see an orc priest (ally target), a gnoll, an orc, a goblin and a
friendly ufetubus (summoned).

Vanquished Creatures
  3 gnolls (D:4)
  2 adders
  A worm (D:3)
  A dart slug (D:1)
  3 orcs
  3 endoplasms (D:1)
  4 giant cockroaches
  4 goblins
  4 hobgoblins
  A quokka (D:3)
  6 ball pythons
  7 bats
  6 frilled lizards
  4 kobolds
  12 rats
61 creatures vanquished.

Vanquished Creatures (collateral kills)
  An orc priest (D:3)
  2 adders
  A dart slug (D:2)
  3 orcs
  An endoplasm (D:2)
  A goblin (D:1)
  A quokka (D:1)
10 creatures vanquished.

Grand Total: 71 creatures vanquished

Notes
Turn   | Place    | Note
-------+----------+-------------------------------------------
     0 | D:1      | wrenrar the Demonspawn Necromancer began the quest for the
                  | Orb.
     0 | D:1      | Reached XP level 1. HP: 13/13 MP: 3/3
   391 | D:1      | Gained mutation: You sometimes gain a little power by
                  | taking damage. [demonic ancestry]
   391 | D:1      | Reached XP level 2. HP: 12/19 MP: 0/5
   529 | D:1      | Reached skill level 5 in Necromancy
   964 | D:1      | Found a faded altar of an unknown god.
  1359 | D:1      | Gained mutation: A weak demonic guardian rushes to your
                  | aid. [demonic ancestry]
  1359 | D:1      | Reached XP level 3. HP: 24/24 MP: 4/6
  1363 | D:1      | Learned a level 3 spell: Vampiric Draining
  1892 | D:2      | Found Moirr's Book Shop.
  2635 | D:3      | Gained mutation: You have large cloven feet. [demonic
                  | ancestry]
  2635 | D:3      | Reached XP level 4. HP: 28/30 MP: 4/7
  2973 | D:3      | Reached skill level 1 in Short Blades
  3354 | D:4      | Found a staircase to the Ecumenical Temple.
  3369 | Temple   | Entered the Ecumenical Temple
  3466 | Temple   | Became a worshipper of Dithmenos the Shadowed
  3502 | D:4      | Gained mutation: You sometimes gain power by taking damage.
                  | [demonic ancestry]
  3502 | D:4      | Reached XP level 5. HP: 35/35 MP: 6/8
  3554 | D:4      | Slain by a gnoll

Illustrated notes

Levels and vault maps discovered:
D:1:      dpeg_arrival_tiny_g, layout_basic,
          ebering_ecumenical_altar_sacrificial
D:2:      layout_rooms, serial_shops, shop
D:3:      layout_basic
D:4:      layout_rooms, minmay_temple_entry_tees
Temple:   jpeg_temple_clearing

Skill      XL: |  1  2  3  4 |
---------------+-------------+-----
Necromancy     | 5 |  5.9
Dodging        | 2 |  2.3
Stealth        | 2 |  2.4
Short Blades   | 1 |  1.4
Spellcasting   | |  2.5

Action                   |  1- 3 |  4- 6 || total
-------------------------+-------+-------++-------
Melee: Unarmed           |    35 |       ||    35
       Dagger            |    64 |    24 ||    88
       Kick              |       |     8 ||     8
 Cast: Necrotise         |    54 |    22 ||    76
       Vampiric Draining |     2 |       ||     2
  Use: Scroll            |     4 |       ||     4
 Stab: Sleeping          |     2 |       ||     2
       Distracted        |     1 |       ||     1
Armor: Robe              |    28 |     3 ||    31
Dodge: Dodged            |    69 |    24 ||    93
Block: Other             |    25 |    12 ||    37
       Reflection        |     2 |       ||     2
